 Dungeon Crawl Stone Soup version 0.30.0-29-ga12c61a403 (webtiles) character file.

Game seed: 15616906912034656133

65 monsoonserge the Cudgeller (level 4, -4/40 HPs)
             Began as a Meteoran Cinder Acolyte on June 18, 2023.
             Was a High Priest of Ignis.
             Constricted to death by Ijyb (6 damage)
             ... on level 3 of the Dungeon.
             The game lasted 00:06:18 (941 turns).

monsoonserge the Cudgeller (Meteoran Cinder Acolyte) Turns: 941, Time: 00:06:20

Health: -4/40      AC: 10    Str: 13 (15) XL:     4   Next: 62%
Magic:  1/8        EV:  7    Int: 15 (17) God:    Ignis [*****.]
Gold:   75         SH:  0    Dex:  7 (10) Spells: 5/7 levels left

rFire   + . .        a - -1 mace (flame)
rCold   . . .        (no shield)
rNeg    . . .        o - +0 leather armour
rPois   .            (no helmet)
rElec   .            (no cloak)
rCorr   .            (no gloves)
SInv    .            (no boots)
Will    .....        (no amulet)
Stlth   +            (no ring)
HPRegen 0.26/turn    (no ring)
MPRegen 0.11/turn

%: no passive effects
@: grasped by roots, fiery-armoured, glowing, constricted
A: sense surroundings 1, otherworldly, glowing, explore regen
a: Renounce Religion, Fiery Armour, Foxfire Swarm, Rising Flame


You were on level 3 of the Dungeon.
You worshipped Ignis.
Ignis was extremely pleased with you.
You visited 1 branch of the dungeon, and saw 3 of its levels.

You collected 75 gold pieces.

Inventory:

Hand Weapons
 a - a -1 mace of flaming (weapon)
 b - a +0 sling
Missiles
 d - 5 curare-tipped darts (quivered)
Armour
 o - a +0 leather armour (worn)
 p - a +0 robe
Scrolls
 e - a scroll of amnesia {unknown}
 f - 2 scrolls of teleportation {unknown}
 g - a scroll of vulnerability {unknown}
 h - 3 scrolls of identify {unknown}
 j - a scroll of immolation {unknown}
 m - 3 scrolls of enchant armour {unknown}
 n - a scroll of noise {unknown}
Potions
 i - a potion of mutation {unknown}
 k - a potion of invisibility {unknown}
 l - a potion of resistance {unknown}


   Skills:
 + Level 3.7 Fighting
 + Level 5.0 Maces & Flails
 * Level 0.2 Armour
 - Level 2.0 Spellcasting
 + Level 4.5 Fire Magic


You had 5 spell levels left.
You knew the following spells:

 Your Spells              Type           Power      Damage    Failure   Level
a - Scorch                Fire           30%        2d6       6%          2

Your spell library contained the following spells:

 Spells                   Type           Power      Damage    Failure   Level


Dungeon Overview and Level Annotations

Branches:
Dungeon (3/15) Zot: 852

Altars:
Cheibriados
Hepliaklqana
Kikubaaqudgha
Okawaru

Annotations:
D:3 Ijyb


Innate Abilities, Weirdness & Mutations

You passively map a small area around you.
You are easily found by Zot.
You glow in the dark.
You regain HP and MP as you explore.


Message History

The grasping roots constrict you.
Your -1 mace of flaming bursts into flame!
a - a -1 mace of flaming (weapon)
Casting: Scorch (safe; 5% risk of failure)
Confirm with . or Enter, or press ? or * to list all spells.
Flames lash the endoplasm.
You kill the endoplasm!
The grasping roots constrict you.
* * * LOW HITPOINT WARNING * * *
Unknown command.
Casting: Scorch (safe; 5% risk of failure)
Confirm with . or Enter, or press ? or * to list all spells.
Flames lash Ijyb but do no damage.
Ijyb is no longer more vulnerable to fire.
Ijyb hits you with a +0 club.
* * * LOW HITPOINT WARNING * * *
Ijyb is burned by your cloak of flames.
Ijyb is heavily wounded.
The grasping roots constrict you.
The grasping roots release their grip on you.
You closely miss Ijyb.
Ijyb is heavily wounded.
The quokka misses you.
Ijyb screams, "Die!"
Ijyb misses you.
The quokka bites you but does no damage.
The quokka is burned by your cloak of flames.
The quokka is almost dead.
Ijyb zaps a wand.
The roots erupt in riotous growth!
The grasping roots grab you!
Ijyb is unaffected.
The quokka is unaffected.
The grasping roots constrict you.
* * * LOW HITPOINT WARNING * * *
It was a potion of degeneration.
There was something very wrong with that liquid.
You feel weakened.
You feel dopey.
You feel clumsy.
The quokka bites you but does no damage.
The quokka is burned by your cloak of flames.
You kill the quokka!
Ijyb hits you but does no damage. The grasping roots constrict you.
You die...

* #......# * , ,
#.....## , #.....#
*### ###.### ... *
#.####.#########.###
...................(#
,...####.#.##.#......#
* #.#.##.#..$#. * *
#.#....@..# , *
#.#..#.g.$..... , *
#.#.....#.).).# *
#......##.._..#
####.... ).).# , , , ,
..... ..... , , #.....
##.. , ,, ..... .. , ,
, , ,


You could see Ijyb.

Vanquished Creatures
  4 adders (D:2)
  A worm (D:2)
  A ball python (D:2)
  5 endoplasms
  4 giant cockroaches
  A hobgoblin (D:1)
  A quokka (D:3)
  5 frilled lizards
  3 goblins
  2 kobolds
  3 rats (D:1)
30 creatures vanquished.

Notes
Turn   | Place    | Note
-------+----------+-------------------------------------------
     0 | D:1      | monsoonserge the Meteoran Cinder Acolyte began the quest
                  | for the Orb.
     0 | D:1      | Reached XP level 1. HP: 19/19 MP: 3/3
   124 | D:1      | Reached XP level 2. HP: 26/26 MP: 5/5
   127 | D:1      | Learned a level 2 spell: Scorch
   413 | D:2      | Reached XP level 3. HP: 31/31 MP: 1/6
   572 | D:2      | Found a hazy altar of Hepliaklqana.
   639 | D:2      | Reached XP level 4. HP: 40/40 MP: 1/8
   709 | D:2      | Reached skill level 5 in Maces & Flails
   874 | D:3      | Found an ancient bone altar of Kikubaaqudgha.
   874 | D:3      | Found a snail-covered altar of Cheibriados.
   930 | D:3      | Found an iron altar of Okawaru.
   931 | D:3      | Noticed Ijyb
   940 | D:3      | HP: 2/40 [constriction (2)]
   941 | D:3      | Constricted to death by Ijyb

Illustrated notes

Levels and vault maps discovered:
D:1:      lightli_arrival_flooded_house, layout_loops_cross
D:2:      minmay_general_purpose_star, layout_loops_corners, basic_altar
D:3:      layout_loops_cross, gammafunk_temple_overflow_elements,
          okawaru_ov_weapons_minmay, kennysheep_generic_room_4, uniq_natasha,
          uniq_ijyb, uniq_sigmund

Skill      XL: |  1  2  3  4 |
---------------+-------------+-----
Fire Magic     | 4 |  4.5
Spellcasting   | 2 |  2.0
Maces & Flails | 5 |  5.0
Fighting       | |  3.7
Armour         | |  0.2

Action                     |  1- 3 |  4- 6 || total
---------------------------+-------+-------++-------
  Melee: Mace              |    31 |     3 ||    34
   Fire: Sling             |       |     2 ||     2
   Cast: Scorch            |    16 |     8 ||    24
 Invoke: Fiery Armour      |       |     1 ||     1
    Use: Potion            |       |     1 ||     1
 Armour: Robe              |     6 |       ||     6
         Leather armour    |       |     5 ||     5
  Dodge: Dodged            |    16 |     5 ||    21
